AoeStats
← James Bondski

Arabia

509834241Analyzed
3v3 RM · 3d ago on Sep 28, 2026· 56m 18s· 6 players
Game mode
Random Map
Map size
Normal (6 player)
Population
200
Speed
Normal
Resources
Standard
Victory
Conquest
Starting age
Dark Age
Ending age
Imperial Age
RankedLock teamsTeams togetherTeam positionsShared explorationLock speedFull tech treeHidden civsTurbo modeCheats
Victory
Defeat
🇹🇷 Georgians · Türkiye
867
+16
🇹🇷 Teutons · Türkiye
840
+17
🇹🇷 Inca · Türkiye
837
+17
🇲🇽 Spanish · Mexico
884
-18
🇪🇸 Hindustanis · Spain
878
-17
🇺🇸 Japanese · United States
817
-15
nathanst1996
0:30 Loom
12:16 Feudal Age
13:34 Wheelbarrow
22:33 Castle Age
21:37 Double-Bit Axe
21:57 Scale Mail Armor
22:08 Forging
21:48 Fletching
21:59 Padded Archer Armor
22:16 Horse Collar
26:13 Pikeman
30:57 Bow Saw
34:07 Gold Mining
34:07 Stone Mining
34:55 Iron Casting
34:35 Chain Mail Armor
36:59 Heavy Plow
41:32 Imperial Age
39:18 Hand Cart
39:53 Crossbowman
41:35 Elite Samurai
42:36 Conscription
42:51 Plate Mail Armor
43:41 Chemistry
42:38 Capped Ram
44:35 Blast Furnace
McBasil
13:33 Loom
16:15 Feudal Age
17:14 Horse Collar
17:21 Double-Bit Axe
25:29 Castle Age
24:12 Bloodlines
25:58 Pikeman
26:38 Squires
26:40 Scale Mail Armor
28:00 Forging
28:09 Chain Mail Armor
29:33 Heavy Plow
29:56 Bow Saw
31:44 Forging
31:39 Scale Barding Armor
33:44 Husbandry
35:20 Wheelbarrow
35:46 Scale Barding Armor
38:52 Hand Cart
40:04 Town Watch
41:43 Chain Barding Armor
41:58 Iron Casting
44:16 Iron Casting
44:15 Town Patrol
45:30 Fletching
45:44 Gold Mining
45:45 Stone Mining
51:33 Imperial Age
50:18 Bodkin Arrow
James Bondski
6:22 Loom
12:17 Feudal Age
16:08 Wheelbarrow
16:55 Horse Collar
21:29 Castle Age
21:00 Scale Mail Armor
25:49 Forging
26:26 Man-at-Arms
26:51 Gambesons
31:12 Murder Holes
30:55 Long Swordsman
33:27 Chain Mail Armor
33:49 Iron Casting
39:01 Imperial Age
36:17 Town Watch
37:40 Scale Barding Armor
40:28 Bloodlines
40:18 Husbandry
39:39 Cavalier
40:44 Chain Barding Armor
41:25 Blast Furnace
40:08 Capped Ram
41:52 Siege Ram
41:55 Two-Handed Swordsman
42:37 Squires
42:57 Fletching
48:28 Supremacy
49:59 Plate Mail Armor
yasindilek
9:33 Loom
11:40 Feudal Age
16:26 Castle Age
15:10 Double-Bit Axe
20:06 Gold Mining
20:28 Bow Saw
21:27 Scale Barding Armor
21:53 Town Watch
22:02 Stone Mining
24:28 Wheelbarrow
24:36 Horse Collar
26:11 Hand Cart
26:48 Chain Barding Armor
27:27 Forging
27:50 Fletching
29:51 Stone Shaft Mining
30:05 Bloodlines
29:56 Husbandry
30:35 Iron Casting
30:54 Heavy Plow
36:27 Imperial Age
37:13 Padded Archer Armor
37:09 Bodkin Arrow
38:14 Parthian Tactics
37:10 Heavy Cavalry Archer
39:08 Chemistry
38:28 Ballistics
38:06 Murder Holes
38:35 Bracer
39:19 Conscription
39:47 Leather Archer Armor
40:54 Crop Rotation
44:13 Treadmill Crane
48:33 Hoardings
48:08 Capped Ram
50:52 Elite Monaspa
ertugrul.guven2367
2:17 Loom
12:28 Feudal Age
17:41 Castle Age
15:43 Double-Bit Axe
17:36 Wheelbarrow
25:29 Bow Saw
32:49 Imperial Age
31:32 Hand Cart
32:45 Padded Archer Armor
32:35 Fletching
32:56 Forging
32:46 Scale Mail Armor
32:54 Horse Collar
33:30 Squires
32:51 Pikeman
34:48 Chemistry
34:33 Champi Runner
35:58 Chain Mail Armor
36:19 Iron Casting
35:09 Elite Skirmisher
42:20 Andean Sling
43:18 Plate Mail Armor
43:24 Iron Casting
46:03 Champi Warrior
49:20 Blast Furnace
52:25 Leather Archer Armor
52:06 Bodkin Arrow
55:56 Elite Kamayuk
o.f.sayin
11:45 Feudal Age
12:08 Horse Collar
12:17 Double-Bit Axe
14:26 Gold Mining
20:43 Castle Age
21:22 Stone Mining
22:29 Heavy Plow
22:47 Bow Saw
22:10 Pikeman
22:50 Squires
24:19 Padded Archer Armor
24:09 Fletching
26:39 Wheelbarrow
27:08 Elite Skirmisher
30:33 Hand Cart
33:22 Bloodlines
35:31 Stone Shaft Mining
37:17 Scale Barding Armor
37:12 Scale Mail Armor
37:44 Forging
39:19 Chain Barding Armor
39:14 Chain Mail Armor
44:59 Imperial Age
44:10 Loom
46:05 Conscription
47:02 Two-Man Saw
47:53 Halberdier
48:31 Cavalier
50:16 Caravan
50:52 Coinage
50:55 Ballistics
51:38 Plate Barding Armor
51:34 Plate Mail Armor
51:40 Iron Casting
52:33 Guilds
53:37 Paladin
56:06 Leather Archer Armor
55:46 Bodkin Arrow
56:51 Blast Furnace
Connection lost

Rejoining the realm…

Still unreachable

The connection could not be restored.

Session expired

The server has moved on; the page needs a fresh start.